 Dungeon Crawl Stone Soup version 0.30-a0-778-g2ef04afb54 (webtiles) character file.

Game seed: 16860434594860241740

1251 IdlyInterested the Cudgeller (level 8, -1/60 HPs)
             Began as a Demonspawn Gladiator on Feb 16, 2023.
             Slain by a small abomination (15 damage)
             ... on level 5 of the Dungeon.
             The game lasted 00:14:04 (4481 turns).

IdlyInterested the Cudgeller (Demonspawn Gladiator) Turns: 4481, Time: 00:14:05

Health: -1/60      AC: 24    Str: 17    XL:     8   Next: 26%
Magic:  8/8        EV:  6    Int: 10    God:
Gold:   252        SH:  0    Dex: 14    Spells: 7/7 levels left

rFire   . . .      SeeInvis .    B - +2 flail (protect)
rCold   + . .      Faith    .    (no shield)
rNeg    + . .      Spirit   .    p - +0 plate armour
rPois   +          Reflect  .    n - +0 helmet
rElec   .          Harm     .    y - +0 cloak
rCorr   +          Rampage  .    b - +2 pair of gloves
Will    .....      NoTele   +    (no boots) Stlth
                                 f - amulet of Fihetsewk {-Tele +Inv rN+ Regen+ rCorr}
HPRegen 1.10/turn                k - ring of poison resistance
MPRegen 0.11/turn                q - ring of protection from cold

@: under a protective aura
A: claws 1, ignite blood 2, powered by death 2
a: Evoke Invisibility


You were on level 5 of the Dungeon.
You visited 1 branch of the dungeon, and saw 5 of its levels.

You collected 252 gold pieces.

Inventory:

Hand Weapons
 a - a +0 flail
 e - a +1 whip of freezing
 B - a +2 flail of protection (weapon)
Missiles
 d - 3 throwing nets
 m - 12 poisoned darts (quivered)
Armour
 b - a +2 pair of gloves (worn)
 c - a +0 helmet
 l - a +0 helmet
 n - a +0 helmet (worn)
 p - a +0 plate armour (worn)
 y - a +0 cloak (worn)
Jewellery
 f - the amulet of Fihetsewk (around neck) {-Tele +Inv rN+ Regen+ rCorr}
   (You acquired it on level 2 of the Dungeon)

   [amulet of regeneration]

   rN:        It protects you from negative energy.
   +Inv:      It lets you turn invisible.
   -Tele:     It prevents most forms of teleportation.
   Regen:     It increases your rate of health regeneration.
   rCorr:     It protects you from acid and corrosion.
 j - an amulet of the acrobat
 k - a ring of poison resistance (left hand)
 q - a ring of protection from cold (right hand)
 r - a ring of wizardry
Wands
 u - a wand of paralysis (1)
 w - a wand of roots (6)
Scrolls
 o - a scroll of poison
 z - a scroll of amnesia {unknown}
Potions
 g - 4 potions of degeneration {unknown}
 i - 2 potions of ambrosia
 s - 2 potions of resistance {unknown}
 v - a potion of attraction {unknown}
 x - a potion of heal wounds {unknown}
 A - a potion of lignification {unknown}


   Skills:
 - Level 4.0 Fighting
 * Level 7.1 Maces & Flails
 - Level 1.7 Throwing
 - Level 4.0 Armour
 - Level 2.6 Dodging
 - Level 2.0 Stealth
 - Level 2.0 Unarmed Combat
 + Level 1.3 Evocations


You had 7 spell levels left.
You didn't know any spells.
Your spell library contained the following spells:

 Spells                   Type           Power      Damage    Failure   Level
 Cigotuvi's Dreadful Rot  Necr/Pois/Air  0%         N/A       100%        2
 Poisonous Vapours        Pois/Air       0%         N/A       100%        2
 Mephitic Cloud           Conj/Pois/Air  0%         N/A       100%        3
 Borgnjor's Revivificati  Necr           0%         N/A       100%        8
 Necromutation            Tmut/Necr      0%         N/A       100%        8
 Death's Door             Necr           0%         N/A       100%        9


Dungeon Overview and Level Annotations

Branches:
Dungeon (5/15)
 Temple: D:4-7

Altars:
Ashenzari
Cheibriados
Qazlal
Vehumet
Xom

Annotations:
D:5 1 transporter


Innate Abilities, Weirdness & Mutations

You have sharp fingernails.
Your demonic aura often causes spilled blood to erupt in flames.
You regenerate health from kills.


Message History

The small abomination is almost destroyed.
The small abomination closely misses you.
You hit the small abomination.
The small abomination is almost destroyed.
The small abomination barely misses you.
You sock the small abomination!
You destroy the small abomination!
You sock the small abomination!
The small abomination is moderately damaged.
The small abomination hits you but does no damage.
You hit the small abomination but do no damage.
The small abomination is moderately damaged.
The small abomination hits you.
* * * LOW HITPOINT WARNING * * *
You barely miss the small abomination.
The small abomination is moderately damaged.
The small abomination hits you but does no damage.
You hit the small abomination.
The small abomination is heavily damaged.
The small abomination hits you!
* * * LOW HITPOINT WARNING * * *
You hit the small abomination but do no damage.
The small abomination is heavily damaged.
The small abomination hits you but does no damage.
You sock the small abomination!
The small abomination is severely damaged.
The small abomination hits you.
* * * LOW HITPOINT WARNING * * *
You barely miss the small abomination. You punch the small abomination.
The small abomination is severely damaged.
You barely miss the small abomination.
The small abomination is severely damaged.
The small abomination hits you but does no damage.
You closely miss the small abomination.
The small abomination is severely damaged.
The small abomination hits you but does no damage.
You hit the small abomination.
The small abomination is almost destroyed.
The small abomination hits you!
You die...

..#####.#.#.......#.##.######.#.#
..'.............>.#..............
..#####+#..#.####.###.#######.#.#
....................#.#....##.#.#
...........................##.#.#
..............................#.#
.........###....####.......####.#
#####+..##.##..##..####....# #.#
##......#©..##.#@#...©#....# #.#
##.##...##.#.###x.#####....# #.#
...###...#..#....#####.....# #.#
.........###(...##........## #.#
...........#...:#.........# ###.#
...........#$..##..###....###....
..........##.#?#..##5##.....#.#.#
######...##..#.##.##..##..#.#.#..
'........#...## ###.#.##....#.###


You could see a small abomination.

Vanquished Creatures
  Pikel (D:5)
  The ghost of olddryhag the Cutter, a novice DsGl (D:5)
  A black bear (D:5)
  An ogre (D:5)
  A scorpion (D:5)
  A howler monkey (D:4)
  A quasit (D:5)
  An orc priest (D:5)
  An orc wizard (D:5)
  A small abomination (D:5)
  5 adders
  2 gnolls
  A white imp (D:5)
  An ufetubus (D:5)
  A worm (D:2)
  2 dart slugs
  8 orcs
  8 endoplasms
  3 giant cockroaches
  8 goblins
  9 hobgoblins
  5 jackals
  4 kobolds
  2 quokkas
  4 ball pythons
  5 bats
  4 frilled lizards
  3 rats
85 creatures vanquished.

Vanquished Creatures (others)
  8 plants (D:2)
8 creatures vanquished.

Grand Total: 93 creatures vanquished

Notes
Turn   | Place    | Note
-------+----------+-------------------------------------------
     0 | D:1      | IdlyInterested the Demonspawn Gladiator began the quest for
                  | the Orb.
     0 | D:1      | Reached XP level 1. HP: 16/16 MP: 1/1
   148 | D:1      | Reached skill level 3 in Maces & Flails
   214 | D:1      | Gained mutation: You have sharp fingernails. [demonic
                  | ancestry]
   214 | D:1      | Reached XP level 2. HP: 22/22 MP: 2/2
   313 | D:1      | Reached skill level 1 in Stealth
   974 | D:2      | Gained mutation: Your demonic aura sometimes causes spilled
                  | blood to erupt in flames. [demonic ancestry]
   974 | D:2      | Reached XP level 3. HP: 28/28 MP: 3/3
  1036 | D:2      | Identified a scroll of acquirement
  1036 | D:2      | Acquired the amulet of Fihetsewk {-Tele +Inv rN+ Regen+
                  | rCorr}
  1225 | D:2      | Found a shimmering altar of Xom.
  1533 | D:2      | Reached skill level 1 in Armour
  1798 | D:2      | Reached XP level 4. HP: 35/35 MP: 4/4
  2154 | D:3      | Reached skill level 1 in Unarmed Combat
  2711 | D:3      | Reached skill level 4 in Maces & Flails
  2922 | D:4      | Reached skill level 1 in Evocations
  2922 | D:4      | Gained mutation: You regenerate a little health from kills.
                  | [demonic ancestry]
  2922 | D:4      | Reached XP level 5. HP: 41/41 MP: 5/5
  3090 | D:4      | Found a broken altar of Ashenzari.
  3424 | D:5      | Entered Level 5 of the Dungeon
  3543 | D:5      | Found a snail-covered altar of Cheibriados.
  3577 | D:5      | Found a transporter.
  3589 | D:5      | Noticed a lemure
  3589 | D:5      | Noticed a lemure
  3590 | D:5      | Noticed Pikel
  3590 | D:5      | Noticed a lemure
  3592 | D:5      | Noticed a lemure
  3611 | D:5      | Killed Pikel
  3612 | D:5      | Reached skill level 5 in Maces & Flails
  3612 | D:5      | Reached XP level 6. HP: 40/48 MP: 6/6
  3612 | D:5      | Gained mutation: You regenerate health from kills. [demonic
                  | ancestry]
  3612 | D:5      | Reached XP level 7. HP: 45/54 MP: 7/7
  3621 | D:5      | Found a radiant altar of Vehumet.
  3697 | D:5      | Found a transporter.
  3724 | D:5      | Found a stormy altar of Qazlal.
  4265 | D:5      | Reached skill level 6 in Maces & Flails
  4430 | D:5      | Noticed olddryhag's ghost (novice DsGl)
  4448 | D:5      | Killed olddryhag's ghost
  4449 | D:5      | Reached skill level 7 in Maces & Flails
  4449 | D:5      | Gained mutation: Your demonic aura often causes spilled
                  | blood to erupt in flames. [demonic ancestry]
  4449 | D:5      | Reached XP level 8. HP: 60/60 MP: 8/8
  4481 | D:5      | Slain by a small abomination

Illustrated notes

Levels and vault maps discovered:
D:1:      minmay_arrival_solitary_statue, layout_loops_ring
D:2:      layout_basic, basic_altar, guppyfry_early_lair_pool
D:3:      layout_basic, minmay_misc_feat_doors
D:4:      layout_loops_ring, gammafunk_temple_overflow_wave
D:5:      layout_basic, mainiacjoe_overflow_chevrons,
          mainiacjoe_overflow_six_doors_small, nicolae_qazlal_general_emergency,
          gammafunk_ghost_abyssal_escape, ebering_dispersal_statue_hall,
          kennysheep_diamond, uniq_pikel

Skill      XL: |  1  2  3  4  5  6  7 |
---------------+----------------------+-----
Maces & Flails | 3 4 5 7 |  7.1
Stealth        | 1 2 |  2.0
Fighting       | 3 4 |  4.0
Armour         | 1 3 4 |  4.0
Unarmed Combat | 1 2 |  2.0
Evocations     | 1 |  1.3
Throwing       | |  1.7
Dodging        | |  2.6

Action                     |  1- 3 |  4- 6 |  7- 9 || total
---------------------------+-------+-------+-------++-------
  Melee: Flail             |    91 |    46 |    57 ||   194
         Punch             |     1 |     2 |     1 ||     4
         Mace              |       |    68 |    33 ||   101
  Throw: Dart              |     4 |     4 |    14 ||    22
         Javelin           |     1 |       |     1 ||     2
    Use: Scroll            |     4 |     3 |       ||     7
   Stab: Sleeping          |     3 |       |       ||     3
 Armour: Leather armour    |    15 |       |       ||    15
         Plate armour      |    40 |   100 |    82 ||   222
  Dodge: Dodged            |    38 |    36 |    30 ||   104

Table legend: (Time is in decaauts)
 A = Elapsed time spent in this place.
 B = Non-inter-level travel time spent in this place.
 C = Inter-level travel time spent in this place.
 D = Time resting spent in this place.
 E = Time spent auto-exploring this place.
 F = Levels seen in this place.
 G = Mean time per level.
                   A        B        C        D        E       F      G
               +--------+--------+--------+--------+--------+-----+--------+
         Total |   4536 |   3965 |    571 |    286 |   2597 |   5 |  907.2 |
       Dungeon |   4536 |   3965 |    571 |    286 |   2597 |   5 |  907.2 |
               +--------+--------+--------+--------+--------+-----+--------+

Top non-repeatable levels by time:
     D:2: 1090 daAuts
     D:5: 1018 daAuts
     D:1: 972 daAuts
     D:3: 827 daAuts
     D:4: 628 daAuts
